 Dungeon Crawl Stone Soup version 0.25-a0-690-g234afa57d4 (webtiles) character file.

Game seed: 12692880703546394996, levelgen mode: deterministic

252943 Mgcat the Severer (level 19, -17/128 HPs)
             Began as a Gargoyle Artificer on Mar 30, 2020.
             Was a High Priest of Wu Jian.
             Killed from afar by an ice dragon (23 damage)
             ... with a blast of cold
             ... on level 1 of the Vaults.
             The game lasted 01:32:11 (38502 turns).

Mgcat the Severer (Gargoyle Artificer)             Turns: 38502, Time: 01:32:12

Health: -17/128    AC: 42    Str: 25    XL:     19   Next: 70%
Magic:  25/25      EV: 13    Int: 13    God:    Wu Jian [*****.]
Gold:   1373       SH: 17    Dex: 17    Spells: 18/18 levels left

rFire    + + +     SeeInvis +   j - +7 broad axe (freeze)
rCold    + . .     Gourm    .   e - +0 kite shield {rF+}
rNeg     + . .     Faith    .   P - +6 chain mail of Qazlal's Whim {+Fly rF++}
rPois    ∞         Spirit   .   d - +0 helmet {SInv}
rElec    +         Reflect  +   s - +0 cloak
rCorr    .         Harm     .   y - +1 pair of gloves
MR       +....                  (no boots)
Stlth    ..........             B - +2 amulet of reflection
HPRegen  0.31/turn              t - +5 ring of dexterity
MPRegen  0.19/turn              G - ring of protection from cold {rC+, !d}

@: about to teleport, flying, slowed, very slow
A: big wings, iridescent scales 1, agile 1, negative energy resistance 1,
electricity resistance, strong 1, unbreathing, petrification resistance, rot
immunity, AC +14
}: 2/15 runes: barnacled, gossamer
a: Stop Flying, Wall Jump, Serpent's Lash, Heavenly Storm, Renounce Religion


You were on level 1 of the Vaults.
You worshipped Wu Jian.
Wu Jian was extremely pleased with you.
You were hungry.

You visited 6 branches of the dungeon, and saw 32 of its levels.

You collected 3347 gold pieces.
You spent 1974 gold pieces at shops.

Inventory:

Hand Weapons
 j - a +7 broad axe of freezing (weapon)
   (You took it off an orc warrior on level 1 of the Orcish Mines)
 A - a +3 war axe of flaming
   (You bought it in a shop on level 7 of the Dungeon)
Missiles
 D - 7 throwing nets {=f, !d}
Armour
 d - a +0 helmet of see invisible (worn)
   (You acquired it on level 15 of the Dungeon)
 e - a +0 kite shield of fire resistance (worn)
   (You took it off a tengu warrior on level 14 of the Dungeon)
 s - a +0 cloak (worn)
   (You found it on level 3 of the Dungeon)
 y - a +1 pair of gloves (worn)
   (You found it on level 10 of the Dungeon)
 P - the +6 chain mail of Qazlal's Whim (worn) {+Fly rF++}
   (You found it on level 1 of the Spider Nest)

   It greatly protects you from fire.
   It lets you fly.
Jewellery
 t - a +5 ring of dexterity (left hand)
   (You found it on level 4 of the Dungeon)
 B - a +2 amulet of reflection (around neck)
   (You took it off a merfolk on level 4 of the Shoals)
 G - a ring of protection from cold (right hand) {rC+, !d}
   (You found it on level 6 of the Lair of Beasts)
 M - an uncursed ring of magical power {MP+9}
   (You found it on level 1 of the Vaults)
 Q - an uncursed ring of positive energy {rN+}
   (You found it on level 1 of the Shoals)
Wands
 b - a wand of paralysis (11)
   (You found it on level 14 of the Dungeon)
 c - a wand of flame (42)
 C - a wand of digging (30)
   (You found it on level 9 of the Dungeon)
 I - a wand of iceblast (16)
   (You took it off a kobold on level 11 of the Dungeon)
 L - a wand of disintegration (14)
   (You found it on level 3 of the Lair of Beasts)
Scrolls
 a - 6 scrolls of teleportation
 h - 3 scrolls of fog
 i - 10 scrolls of remove curse
 o - 4 scrolls of magic mapping {!r}
 r - 5 scrolls of immolation {!r}
 v - 2 scrolls of holy word {!r}
 z - a scroll of summoning
 E - 2 scrolls of fear
 K - 2 scrolls of silence
 N - a scroll of blinking {!r}
 O - 8 scrolls of identify
Potions
 g - 5 potions of haste
 k - 4 potions of brilliance
 p - 5 potions of lignification {!q}
 q - 7 potions of curing
 u - 2 potions of magic
 w - 3 potions of might
 x - a potion of invisibility
 F - a potion of resistance
 J - 4 potions of cancellation
 R - 3 potions of ambrosia
 S - a potion of mutation {!q}
Miscellaneous
 m - a phantom mirror
 n - a lightning rod (4/4)
   (You found it on level 3 of the Shoals)
 H - a tin of tremorstones
Comestibles
 f - 42 rations
 l - 19 chunks of flesh {@w0}


   Skills:
 + Level 17.2 Fighting
   Level 0.8 Short Blades
 * Level 20.4 Axes
   Level 1.5(15.0) Maces & Flails
 - Level 15.5 Armour
 + Level 6.9 Dodging
 - Level 1.1 Stealth
 - Level 15.5 Shields
 + Level 8.8 Evocations


You had 18 spell levels left.
You didn't know any spells.
Your spell library contained the following spells:

 Spells                   Type           Power        Failure   Level  Hunger
 Beastly Appendage        Tmut           #.....       75%         1    ##.....
 Magic Dart               Conj           #...         75%         1    ##.....
 Sandblast                Erth           #.....       75%         1    ##.....
 Blink                    Tloc           N/A          87%         2    ###....
 Call Imp                 Summ           #.......     87%         2    ###....
 Passwall                 Tmut/Erth      #.......     87%         2    ###....
 Slow                     Hex            #.......     87%         2    ###....
 Sticks to Snakes         Tmut           #.......     87%         2    ###....
 Confusing Touch          Hex            #.......     98%         3    ####...
 Conjure Flame            Conj/Fire      #.......     98%         3    ####...
 Gell's Gravitas          Tloc           #.........   98%         3    ####...
 Mephitic Cloud           Conj/Pois/Air  #.......     98%         3    ####...
 Spider Form              Tmut/Pois      #.........   98%         3    ####...
 Stone Arrow              Conj/Erth      #.....       98%         3    ####...
 Cause Fear               Hex            #.........   100%        4    #####..
 Ice Form                 Ice/Tmut       #.......     100%        4    #####..
 Petrify                  Tmut/Erth      #.......     100%        4    #####..
 Blade Hands              Tmut           #.........   100%        5    ######.
 Lee's Rapid Deconstruct  Erth           #.........   100%        5    ######.
 Metabolic Englaciation   Hex/Ice        #.........   100%        5    ######.
 Silence                  Hex/Air        #.........   100%        5    ######.
 Yara's Violent Unravell  Hex/Tmut       #.........   100%        5    ######.
 Deflect Missiles         Chrm/Air       #.........   100%        6    #######
 Discord                  Hex            #.........   100%        8    #######


Dungeon Overview and Level Annotations

Branches:
Dungeon (15/15)            Temple (0/1) D:5            Lair (6/6) D:9
 Shoals (4/4) Lair:2       Spider (4/4) Lair:4        Slime (0/5) Lair:5
    Orc (2/2) D:9             Elf (0/3) Orc:2        Vaults (1/5) D:14
 Depths (0/5) D:15

Altars:
Cheibriados
Elyvilon
Hepliaklqana
Okawaru
Sif Muna
Trog
Uskayaw
Wu Jian
Yredelemnul
Zin
The Shining One
Beogh

Shops:
D:7 (?%:*   D:9 [(   D:10 ?   D:12 !   Orc:2 ?}%=:   Vaults:1 [

Portals:
Abyss: D:5
Trove: D:11 (show abyssal rune of Zot)

Annotations:
D:5 2 transporters, sixsigma's ghost, novice GnWz
Lair:3 exclusion: oklob plant
Lair:4 exclusion: 2 oklob plants
Orc:2 2 transporters, emiel's ghost, journeyman FoEE
Vaults:1 36 runed doors


Innate Abilities, Weirdness & Mutations

You are resistant to torment.
Your stone body is resilient. (AC +14)
You are immune to poison.
Your large and strong wings let you fly indefinitely.
You resist negative energy. (rN+)
You are resistant to electric shocks. (rElec)
You can survive without breathing.
You are immune to petrification.
You are immune to rotting.
You are partially covered in iridescent scales. (AC +2)
You are agile. (Dex +2)
Your muscles are strong. (Str +2)


Message History

The ice dragon claws you but does no damage.
The ice dragon completely misses you. The ice dragon closely misses you.
The ice dragon claws you but does no damage.
The ice dragon tramples you but does no damage.
Danger x4: ice dragon x2, orc knight, centaur warrior!
You slice the ice dragon!! You freeze the ice dragon.
The ice dragon is moderately wounded.
You slice the ice dragon!!
You kill the ice dragon!
The Council accepts your kill.
You hear a shout!
The centaur warrior shoots an arrow.
You reflect the arrow off an invisible shield around you!
The arrow barely misses the centaur warrior.
The ice dragon bites you but does no damage.
The ice dragon claws you but does no damage.
You block the ice dragon's attack.
Warning x3: The ice dragon can hit for high damage in melee!
The orc knight can hit for high damage!
The centaur warrior can hit for high damage at range!
You slash the ice dragon!
The ice dragon is heavily wounded.
You slash the big kobold! You freeze the big kobold!
A yaktaur comes into view.
You block the big kobold's attack. The ice dragon breathes frost at you.
The blast of cold hits you but does no damage.
Danger x4: yaktaur, ice dragon, orc knight, centaur warrior!
You hit the ice dragon.
The ice dragon is heavily wounded.
You slash the big kobold! You freeze the big kobold.
You kill the big kobold!
The Council accepts your kill.
The centaur warrior shoots an arrow.
The arrow hits you but does no damage. The ice dragon breathes frost at you.
The blast of cold hits you! You resist.
You take 11 damage, and have 56/128 hp.
Danger x4: yaktaur, ice dragon, orc knight, centaur warrior!
You barely miss the ice dragon.
The ice dragon is heavily wounded.
You slice the yaktaur!! You freeze the yaktaur.
The orc knight roars a battlecry!
The orc warrior goes into a battle-frenzy!
You block the ice dragon's attack. x2
The ice dragon tramples you but does no damage.
The yaktaur misses you.
Danger x4: yaktaur, ice dragon, orc knight, centaur warrior!
You slash the ice dragon!
The ice dragon is heavily wounded.
You slash the yaktaur! You freeze the yaktaur.
You kill the yaktaur!
The Council accepts your kill.
The centaur warrior shoots an arrow.
The arrow hits you! You block the ice dragon's attack.
The ice dragon claws you but does no damage.
The ice dragon tramples you but does no damage.
An orc knight comes into view. It is wielding a +0 halberd.
The centaur warrior shoots an arrow.
You reflect the arrow off an invisible shield around you!
The arrow hits the centaur warrior!
You take 15 damage, and have 41/128 hp.
Danger x4: orc knight x2, ice dragon, centaur warrior!
You slash the ice dragon! You freeze the ice dragon.
The ice dragon is severely wounded.
You hear a shout!
The centaur warrior shoots an arrow.
You reflect the arrow off an invisible shield around you!
The arrow hits the centaur warrior!
You block the orc knight's attack. The ice dragon breathes frost at you.
The blast of cold hits you!! You resist.
* * * LOW HITPOINT WARNING * * *
You hear a shout!
You take 21 damage, and have 20/128 hp.
Danger x4: orc knight x2, ice dragon, centaur warrior!
You barely miss the ice dragon.
The ice dragon is severely wounded.
The centaur warrior shoots an arrow.
The arrow hits you but does no damage. You block the ice dragon's attack.
The ice dragon barely misses you.
The ice dragon tramples you but does no damage.
The orc knight hits you from afar with a +0 halberd!
* * * LOW HITPOINT WARNING * * *
You hear a shout!
You take 16 damage, and have 4/128 hp.
Danger x4: orc knight x2, ice dragon, centaur warrior!
The centaur warrior shoots an arrow.
The arrow hits you but does no damage. You block the ice dragon's attack.
The ice dragon claws you but does no damage.
The ice dragon tramples you but does no damage.
You hear a shout!
Things that are here:
an arrow; a bolt Warning x3: The orc knight can hit for high damage!
The ice dragon can hit for high damage in melee!
The centaur warrior can hit for high damage at range!
Warning x2: The centaur warrior can hit for high damage at range!
The ice dragon can hit for high damage in melee!
As you read the scroll of teleportation, it crumbles to dust.
You feel strangely unstable.
The heavenly storm settles.
You hear a shout!
The ice dragon barely misses you. You block the ice dragon's attack.
The ice dragon closely misses you. The ice dragon breathes frost at you.
The blast of cold hits you!! You resist.
You die...

........# ##)..####
#..#..# ..###..#
'(###### .(...#
..)..# #########
..)..# ##.....§§##
.....###....####@##
.....##...###
##D####..#
.....'...## ##c☼§.#
######...# #o#o.#
#..## o§# #..# #..#
#..# .# #..# #..'
#.#. ...# #.##.
...#


You could see an ice dragon and a centaur warrior.

Vanquished Creatures
  Bai Suzhen (Spider:3)
  A titan (Shoals:2)
  A sphinx (Vaults:1)
  2 krakens
  Kirke (Lair:6)
  A frost giant (Shoals:2)
  4 ghost moths
  A vault warden (Vaults:1)
  6 emperor scorpions
  4 ironheart preservers
  Nessos (Lair:6)
  2 entropy weavers
  2 deep elf annihilators
  A spark wasp (Spider:3)
  3 merfolk javelineers (Shoals:4)
  7 merfolk impalers
  A yaktaur captain (Vaults:1)
  A great orb of eyes (Vaults:1)
  A rakshasa (D:13)
  Erolcha (D:11)
  3 ogre magi
  Fannar (D:11)
  10 hydras
  4 vault guards (D:14)
  4 ice dragons
  A catoblepas (Lair:5)
  3 centaur warriors
  4 merfolk avatars
  3 death knights
  10 two-headed ogres
  5 merfolk aquamancers
  7 satyrs
  8 orc high priests
  A tengu warrior (D:14)
  A fire crab (shapeshifter) (D:13)
  4 death yaks (Lair:5)
  Sonja (Lair:1)
  A skeletal warrior (D:12)
  A fire crab (Shoals:4)
  15 sea snakes
  Pikel (D:6)
  8 unseen horrors
  3 deep trolls (Vaults:1)
  A harpy (shapeshifter) (D:14)
  An orb spider (shapeshifter) (Vaults:1)
  3 ironbrand convokers (Vaults:1)
  2 phantasmal warriors (D:12)
  18 harpies
  3 orc knights
  3 deep elf magi
  15 orb spiders
  13 cyclopes
  3 orc sorcerers
  25 fauns
  25 wolf spiders
  2 moths of wrath
  4 manticores
  2 black mambas (shapeshifter)
  11 ugly things
  22 elephants
  14 merfolk sirens
  Maurice (D:12)
  3 vault sentinels (Vaults:1)
  5 black mambas
  5 water nymphs
  26 spiny frogs
  3 centaur skeletons
  4 torpor snails
  4 gargoyles
  Maggie (D:7)
  2 rime drakes
  15 demonic crawlers
  5 yaktaurs (Vaults:1)
  4 komodo dragons
  A tengu conjurer (D:15)
  32 merfolk
  A meliai (shapeshifter) (Vaults:1)
  6 trolls
  3 tyrant leeches (Lair:6)
  5 hornets
  A queen bee (D:9)
  6 wind drakes (Shoals:4)
  Grinder (D:5)
  2 polar bears
  18 jumping spiders
  3 dream sheep (Shoals:4)
  22 blink frogs
  16 hippogriffs
  5 slime creatures
  Duvessa (D:5)
  49 redbacks
  2 shadows
  9 snapping turtles
  12 water elementals
  22 tarantellas
  A centaur simulacrum (D:14)
  2 fire bats (Shoals:4)
  5 vampires
  7 wraiths
  A basilisk (D:9)
  2 hogs (Lair:6)
  37 yaks
  6 wyverns
  3 hungry ghosts
  A human simulacrum (Vaults:1)
  7 vampire mosquitoes
  Menkaure (D:6)
  7 wargs
  An acid dragon (D:11)
  7 porcupines
  12 water moccasins
  A slave (D:6)
  3 sky beasts
  4 ice beasts
  22 orc warriors
  2 black bears
  A necrophage (D:8)
  An eye of draining (D:11)
  5 boggarts (D:14)
  4 phantoms
  20 centaurs
  13 ogres
  10 crocodiles
  2 big kobolds
  A big kobold (shapeshifter) (Vaults:1)
  Blork the orc (Orc:1)
  31 bullfrogs
  An elf zombie (D:15)
  4 gnoll sergeants
  A wyvern zombie (D:14)
  2 wyvern skeletons
  Dowan (D:5)
  A water moccasin skeleton (D:5)
  3 scorpions
  21 killer bees
  13 wights
  8 howler monkeys
  9 electric eels
  11 crimson imps
  A bullfrog zombie (D:8)
  6 centaur zombies
  2 quasits (D:8)
  5 hounds
  3 human zombies (D:15)
  8 jellies
  16 orc wizards
  39 orc priests
  A gnoll shaman (D:7)
  A human skeleton (D:15)
  2 bullfrog skeletons (D:13)
  2 iguanas
  Terence (D:3)
  10 worker ants
  A hound zombie (D:10)
  A hound skeleton (D:4)
  A howler monkey zombie (D:8)
  A mummy (D:15)
  3 worker ant zombies
  16 gnolls
  3 adders
  3 shadow imps
  4 oozes (Lair:5)
  An adder zombie (D:7)
  An adder skeleton (D:6)
  A worm (D:4)
  2 dart slugs
  11 leopard geckos
  85 orcs
  9 bats
  A giant cockroach (D:1)
  2 goblins
  6 hobgoblins
  11 jackals
  7 quokkas
  A ball python (D:4)
  5 frilled lizards
  A giant cockroach zombie (D:5)
  10 kobolds
  An orc zombie (D:15)
  A quokka skeleton (D:4)
  5 rats
  8 fungi
  22 plants
  3 tentacles
1223 creatures vanquished.

Vanquished Creatures (collateral kills)
  3 harpies (Shoals:4)
  A manticore (D:11)
  A merfolk (Shoals:4)
  A scorpion (D:5)
  A centaur skeleton (D:5)
  A hound (D:5)
  A leopard gecko (D:5)
  A plant (Shoals:4)
10 creatures vanquished.

Vanquished Creatures (others)
  3 satyrs (Shoals:4)
  A faun (Shoals:2)
  2 water elementals (Shoals:4)
  A human (Lair:6)
  A centaur (D:7)
  A jelly (D:6)
  2 bushes (Lair:6)
  9 fungi (Lair:6)
  154 plants
  8 tentacles
182 creatures vanquished.

Grand Total: 1415 creatures vanquished

Notes
Turn   | Place    | Note
-------+----------+-------------------------------------------
     0 | D:1      | Mgcat the Gargoyle Artificer began the quest for the Orb.
     0 | D:1      | Reached XP level 1. HP: 12/12 MP: 2/2
   137 | D:1      | Reached skill level 1 in Armour
   155 | D:1      | Reached XP level 2. HP: 13/17 MP: 4/4
   622 | D:1      | HP: 2/17 [kobold/+0 short sword (5)]
   628 | D:1      | HP: 1/17 [hobgoblin (1)]
  1213 | D:1      | Reached skill level 2 in Fighting
  1714 | D:2      | Found a faded altar of an unknown god,
  1731 | D:2      | Became a worshipper of the Wu Jian Council
  1731 | D:2      | Reached * piety under Wu Jian
  1833 | D:2      | Reached XP level 3. HP: 21/21 MP: 5/5
  1953 | D:2      | Found a hide-covered altar of Uskayaw,
  1965 | D:2      | Reached skill level 2 in Armour
  2585 | D:3      | Noticed Terence
  2648 | D:3      | Found a bloodstained altar of Trog,
  2651 | D:3      | Found an iron altar of Okawaru,
  2651 | D:3      | Found a hazy altar of Hepliaklqana,
  2653 | D:3      | Found a glowing silver altar of Zin,
  2654 | D:3      | Found a shimmering blue altar of Sif Muna,
  2700 | D:3      | Reached ** piety under Wu Jian
  2812 | D:3      | Reached skill level 3 in Fighting
  2812 | D:3      | Reached XP level 4. HP: 19/28 MP: 6/6
  3196 | D:2      | Reached skill level 3 in Armour
  3550 | D:3      | Gained mutation: You are partially covered in iridescent
                  | scales. (AC +2) [potion of mutation]
  3550 | D:3      | Gained mutation: You are agile. (Dex +2) [potion of
                  | mutation]
  3550 | D:3      | Gained mutation: Your muscles are strong. (Str +2) [potion
                  | of mutation]
  3653 | D:3      | Reached XP level 5. HP: 31/32 MP: 7/7
  3902 | D:3      | Killed Terence
  4013 | D:3      | Reached skill level 4 in Fighting
  4939 | D:4      | Noticed an ice beast
  4957 | D:4      | Killed an ice beast
  4957 | D:4      | Reached skill level 1 in Maces & Flails
  4957 | D:4      | Reached skill level 4 in Armour
  4957 | D:4      | Reached XP level 6. HP: 30/39 MP: 8/8
  5548 | D:5      | Entered Level 5 of the Dungeon
  5553 | D:5      | Noticed a black bear
  5557 | D:5      | Killed a black bear
  5557 | D:5      | Reached skill level 5 in Fighting
  5557 | D:5      | Reached skill level 1 in Axes
  5557 | D:5      | Reached XP level 7. HP: 44/44 MP: 9/9
  5592 | D:5      | Reached skill level 5 in Armour
  5595 | D:5      | Noticed Dowan
  5613 | D:5      | Reached skill level 2 in Axes
  5625 | D:5      | Killed Dowan
  5632 | D:5      | Noticed Duvessa
  5674 | D:5      | Killed Duvessa
  5675 | D:5      | Reached skill level 6 in Fighting
  5675 | D:5      | Reached skill level 3 in Axes
  5675 | D:5      | Reached XP level 8. HP: 49/51 MP: 10/10
  5721 | D:5      | Reached skill level 6 in Armour
  5773 | D:5      | Reached *** piety under Wu Jian
  5983 | D:5      | Noticed Grinder
  6012 | D:5      | Paralysed by Grinder for 3 turns
  6016 | D:5      | Killed Grinder
  6037 | D:5      | Found a transporter,
  6056 | D:5      | Found a one-way gate to the infinite horrors of the Abyss,
  6056 | D:5      | Noticed sixsigma's ghost (novice GnWz)
  6102 | D:5      | Reached skill level 4 in Axes
  6194 | D:5      | Found a transporter,
  6307 | D:5      | Found a staircase to the Ecumenical Temple,
  6512 | D:6      | Noticed Pikel
  6544 | D:6      | Killed Pikel
  6544 | D:6      | Reached skill level 7 in Fighting
  6544 | D:6      | Reached skill level 7 in Armour
  6544 | D:6      | Reached XP level 9. HP: 55/58 MP: 11/11
  6587 | D:6      | Noticed Menkaure
  6604 | D:6      | Killed Menkaure
  6604 | D:6      | Reached skill level 5 in Axes
  6867 | D:6      | Found a glowing golden altar of the Shining One,
  6995 | D:7      | Found Faicvet's Magic Scroll Emporium,
  6995 | D:7      | Found Pionliun's Weapon Shop,
  7069 | D:7      | Reached skill level 8 in Fighting
  7126 | D:7      | Found Vihucoer's Book Shoppe,
  7236 | D:7      | Reached skill level 8 in Armour
  7257 | D:7      | Reached **** piety under Wu Jian
  7278 | D:7      | Found Fyeloys's Food Shoppe,
  7290 | D:7      | Reached skill level 6 in Axes
  7359 | D:7      | Found Agoidghe's Assorted Antiques,
  7419 | D:7      | Bought a translucent bone ring for 105 gold pieces
  7419 | D:7      | Bought a scroll of identify for 42 gold pieces
  7419 | D:7      | Identified the ring "Taleugymui" {*Tele rElec Int+7 Dex+3
                  | Slay-4} (You bought it in a shop on level 7 of the Dungeon)
  7814 | D:7      | Found an ornate altar of the Wu Jian Council,
  7814 | D:7      | Noticed Maggie
  7833 | D:7      | Killed Maggie
  7833 | D:7      | Reached skill level 7 in Axes
  7833 | D:7      | Reached XP level 10. HP: 21/65 MP: 12/12
  8101 | D:8      | Reached skill level 9 in Fighting
  8431 | D:9      | Found Kurch's Weapon Shop,
  8431 | D:9      | Found a staircase to the Orcish Mines,
  8432 | D:9      | Found Moof's Armour Shop,
  8443 | D:9      | Reached skill level 9 in Armour
  8512 | D:9      | Bought a +0 helmet for 45 gold pieces
  8611 | D:7      | Bought a +2 war axe of flaming for 256 gold pieces
  8786 | D:9      | Reached skill level 8 in Axes
  8786 | D:9      | Reached skill level 1 in Shields
  8862 | D:9      | Found a staircase to the Lair,
  8871 | D:9      | Reached skill level 2 in Shields
  8930 | D:9      | Reached skill level 3 in Shields
  9230 | D:9      | Reached ***** piety under Wu Jian
  9437 | D:10     | Entered Level 10 of the Dungeon
  9505 | D:10     | Reached skill level 4 in Shields
  9513 | D:10     | Noticed a two-headed ogre
  9520 | D:10     | Killed a two-headed ogre
  9520 | D:10     | Reached skill level 9 in Axes
  9520 | D:10     | Reached XP level 11. HP: 59/72 MP: 13/13
  9574 | D:10     | Reached skill level 10 in Fighting
  9574 | D:10     | Reached skill level 5 in Shields
  9693 | D:10     | Reached skill level 10 in Armour
  9777 | D:10     | Found Egan's Magic Scroll Shoppe,
  9789 | D:10     | Bought a scroll of enchant weapon for 97 gold pieces
  9789 | D:10     | Bought a scroll of identify for 26 gold pieces
 10193 | D:11     | Noticed an eight-headed hydra
 10203 | D:11     | Killed a four-headed hydra
 10300 | D:11     | Killed an unseen horror
 10300 | D:11     | Reached skill level 6 in Shields
 10409 | D:11     | Noticed a cyclops
 10422 | D:11     | Killed a cyclops
 10574 | D:11     | Killed an unseen horror
 10689 | D:11     | Noticed Fannar
 10722 | D:11     | Killed Fannar
 10722 | D:11     | Reached skill level 10 in Axes
 10722 | D:11     | Reached skill level 7 in Shields
 11039 | D:11     | Noticed a green ugly thing
 11056 | D:11     | Killed a green ugly thing
 11061 | D:11     | HP: 16/73 [acid dragon (7)]
 11063 | D:11     | Noticed a manticore
 11071 | D:11     | Killed a manticore
 11334 | D:11     | Killed an unseen horror
 11357 | D:11     | Reached skill level 8 in Shields
 11376 | D:11     | Noticed Erolcha
 11390 | D:11     | Killed Erolcha
 11390 | D:11     | Reached XP level 12. HP: 24/79 MP: 14/14
 11647 | D:11     | Reached skill level 11 in Fighting
 11826 | D:11     | Reached skill level 11 in Armour
 11838 | D:11     | Reached skill level 9 in Shields
 11883 | D:11     | Reached skill level 11 in Axes
 12179 | D:11     | Found a portal to a secret trove of treasure,
 12310 | Lair:1   | Entered Level 1 of the Lair of Beasts
 12310 | Lair:1   | Found a snail-covered altar of Cheibriados,
 12542 | Lair:1   | Noticed Sonja
 12851 | Lair:1   | Killed Sonja
 13282 | Lair:2   | Reached skill level 10 in Shields
 13725 | Lair:2   | Found a staircase to the Shoals,
 13858 | Lair:2   | Found a snail-covered altar of Cheibriados,
 14400 | Lair:3   | Reached XP level 13. HP: 85/85 MP: 15/15
 14770 | Lair:4   | Reached skill level 12 in Axes
 14770 | Lair:4   | Reached skill level 11 in Shields
 14791 | Lair:4   | Reached skill level 12 in Fighting
 15001 | Lair:4   | Reached skill level 12 in Armour
 15021 | Lair:4   | Found a hole to the Spider Nest,
 15547 | Lair:5   | Found a staircase to the Slime Pits,
 15643 | Lair:5   | Reached skill level 12 in Shields
 16439 | Lair:5   | Reached skill level 13 in Axes
 16462 | Lair:5   | Gained mutation: Your large and strong wings let you fly
                  | indefinitely. [Gargoyle growth]
 16462 | Lair:5   | Reached XP level 14. HP: 49/92 MP: 16/16
 16830 | Lair:6   | Entered Level 6 of the Lair of Beasts
 17027 | Lair:6   | Reached skill level 13 in Shields
 17303 | Lair:6   | Reached skill level 13 in Fighting
 17339 | Lair:6   | Noticed Kirke
 17359 | Lair:6   | Killed Kirke
 17359 | Lair:6   | Reached skill level 13 in Armour
 17676 | Lair:6   | HP: 20/94 [komodo dragon (12)]
 17697 | Lair:6   | Noticed Nessos
 18037 | Lair:6   | Reached skill level 14 in Axes
 18138 | Lair:6   | Killed Nessos
 18678 | Lair:6   | Identified a scroll of acquirement
 18845 | D:10     | Bought a scroll of blinking for 97 gold pieces
 18845 | D:10     | Bought a scroll of identify for 26 gold pieces
 18909 | D:7      | Bought a scroll of enchant armour for 90 gold pieces
 18909 | D:7      | Bought a scroll of summoning for 114 gold pieces
 18959 | Orc:1    | Entered Level 1 of the Orcish Mines
 19070 | Orc:1    | Reached XP level 15. HP: 50/99 MP: 17/17
 19373 | Orc:1    | Noticed Blork the orc
 19486 | Orc:1    | Killed Blork the orc
 19888 | Orc:2    | Entered Level 2 of the Orcish Mines
 19955 | Orc:2    | Found a transporter,
 20117 | Orc:2    | HP: 23/100 [orc high priest/divine providence (11)]
 20121 | Orc:2    | HP: 1/100 [orc high priest/divine providence (12)]
 20180 | Orc:2    | HP: 22/100 [warg (1)]
 20792 | Orc:2    | Found Wiebib's Gadget Boutique,
 20792 | Orc:2    | Found Vorhash's Magic Scroll Shoppe,
 20902 | Orc:2    | Bought a scroll of blinking for 135 gold pieces
 20902 | Orc:2    | Bought a scroll of enchant weapon for 135 gold pieces
 20911 | Orc:2    | Found a roughly hewn altar of Beogh,
 21031 | Orc:2    | Reached skill level 15 in Axes
 21073 | Orc:2    | Found Atwiamih's Jewellery Boutique,
 21073 | Orc:2    | Found Beruvohaeg's Food Shoppe,
 21155 | Orc:2    | Noticed emiel's ghost (journeyman FoEE)
 21156 | Orc:2    | Found a transporter,
 21156 | Orc:2    | Identified the cursed +0 great mace of Dilaus {vorpal, rN+
                  | MR+ Str+3}
 21234 | Orc:2    | Found Megofat's Book Shop,
 21325 | Orc:2    | Found a staircase to the Elven Halls,
 21784 | D:12     | Found a white marble altar of Elyvilon,
 21931 | D:12     | Reached skill level 14 in Fighting
 21931 | D:12     | Reached skill level 14 in Shields
 22073 | D:12     | Reached skill level 14 in Armour
 22548 | D:12     | Found Caidusi's Distillery,
 22666 | D:12     | Noticed Maurice
 22672 | D:12     | Killed Maurice
 22853 | D:13     | Got a distressingly furry buckler
 22854 | D:13     | Identified the cursed +0 buckler of the Eternal Void {MR+}
                  | (You found it on level 13 of the Dungeon)
 23822 | D:13     | Reached skill level 16 in Axes
 24017 | D:10     | Bought 2 scrolls of identify for 52 gold pieces
 24017 | D:10     | Bought a scroll of identify for 26 gold pieces
 24237 | D:14     | Reached ****** piety under Wu Jian
 24323 | D:14     | Found a gate to the Vaults,
 24358 | D:14     | Reached XP level 16. HP: 59/107 MP: 18/18
 24376 | D:14     | HP: 11/107 [gargoyle/stone arrow (16)]
 24834 | D:14     | Found a snail-covered altar of Cheibriados,
 25628 | D:15     | Entered Level 15 of the Dungeon
 25899 | D:15     | Reached skill level 17 in Axes
 26482 | D:15     | Found a staircase to the Depths,
 26683 | D:15     | Found a basalt altar of Yredelemnul,
 26744 | D:15     | Identified the ring "Myanya" {*Corrode rC++ EV+3 Str+3}
                  | (You acquired it on level 15 of the Dungeon)
 26952 | Shoals:1 | Entered Level 1 of the Shoals
 27634 | Shoals:1 | Noticed a kraken
 27644 | Shoals:1 | Killed a kraken
 27644 | Shoals:1 | Reached skill level 15 in Fighting
 27644 | Shoals:1 | Reached skill level 15 in Shields
 28024 | Shoals:2 | Reached skill level 15 in Armour
 28119 | Shoals:2 | Reached skill level 3 in Evocations
 28151 | Shoals:2 | Got a slimy leather armour
 28214 | Shoals:2 | Reached skill level 18 in Axes
 28697 | Shoals:2 | Noticed a titan
 28711 | Shoals:2 | Killed a titan
 28730 | Shoals:2 | Reached XP level 17. HP: 70/113 MP: 19/19
 29105 | Shoals:3 | HP: 25/113 [faun/sling bullet[a satyr] (5)]
 29458 | Shoals:3 | Reached skill level 4 in Evocations
 29591 | Shoals:3 | Noticed a kraken
 29602 | Shoals:3 | Killed a kraken
 30437 | Shoals:4 | Entered Level 4 of the Shoals
 30512 | Shoals:4 | Reached skill level 2 in Dodging
 30519 | Shoals:4 | Reached skill level 5 in Evocations
 30532 | Shoals:4 | HP: 25/113 [satyr/arrow (9)]
 31036 | Spider:1 | Entered Level 1 of the Spider Nest
 31595 | Spider:1 | Got a heavily runed chain mail
 31600 | Spider:1 | Identified the +6 chain mail of Qazlal's Whim {+Fly rF++}
                  | (You found it on level 1 of the Spider Nest)
 31823 | Spider:1 | Reached skill level 3 in Dodging
 32205 | Spider:2 | Reached skill level 19 in Axes
 32577 | Spider:2 | Reached XP level 18. HP: 120/120 MP: 22/22
 32675 | Spider:2 | Reached skill level 16 in Fighting
 32675 | Spider:2 | Reached skill level 6 in Evocations
 33510 | Spider:3 | Reached skill level 4 in Dodging
 34092 | Spider:4 | Entered Level 4 of the Spider Nest
 34092 | Spider:4 | Noticed Bai Suzhen
 34112 | Spider:3 | Killed Bai Suzhen
 34911 | Spider:4 | Reached skill level 7 in Evocations
 35117 | Spider:4 | Reached skill level 5 in Dodging
 35131 | Spider:4 | Got a gossamer rune of Zot
 35447 | Shoals:4 | HP: 10/122 [merfolk aquamancer/shard of ice (30)]
 35453 | Shoals:4 | HP: 24/122 [harpy (2)]
 35475 | Shoals:4 | HP: 26/122 [fire bat (4)]
 36534 | Shoals:4 | Reached XP level 19. HP: 127/127 MP: 24/24
 36595 | Shoals:4 | Got a barnacled rune of Zot
 36803 | Shoals:4 | Reached skill level 20 in Axes
 36904 | Shoals:4 | Reached skill level 6 in Dodging
 36926 | Shoals:4 | Reached skill level 8 in Evocations
 37409 | Vaults:1 | Entered Level 1 of the Vaults
 37592 | Vaults:1 | Reached skill level 17 in Fighting
 37883 | Vaults:1 | Found a huge runed gate,
 37883 | Vaults:1 | Found a huge runed gate,
 37883 | Vaults:1 | Found a huge runed gate,
 37883 | Vaults:1 | Found a huge runed gate,
 37884 | Vaults:1 | Found a huge runed gate,
 37884 | Vaults:1 | Found a huge runed gate,
 37884 | Vaults:1 | Found a huge runed gate,
 37884 | Vaults:1 | Found a huge runed gate,
 37892 | Vaults:1 | Found a huge runed gate,
 37892 | Vaults:1 | Found a huge runed gate,
 37892 | Vaults:1 | Found a huge runed gate,
 37892 | Vaults:1 | Found a huge runed gate,
 37892 | Vaults:1 | Found a huge runed gate,
 37893 | Vaults:1 | Found a huge runed gate,
 37894 | Vaults:1 | Found a huge runed gate,
 37896 | Vaults:1 | Found a huge runed gate,
 37898 | Vaults:1 | Found a huge runed gate,
 37931 | Vaults:1 | Paralysed by a great orb of eyes for 5 turns
 37987 | Vaults:1 | Found a huge runed gate,
 37987 | Vaults:1 | Found a huge runed gate,
 37987 | Vaults:1 | Found a huge runed gate,
 37987 | Vaults:1 | Found a huge runed gate,
 37987 | Vaults:1 | Found a huge runed gate,
 37987 | Vaults:1 | Found a huge runed gate,
 37988 | Vaults:1 | Found a huge runed gate,
 37989 | Vaults:1 | Found a huge runed gate,
 37990 | Vaults:1 | Found a huge runed gate,
 38006 | Vaults:1 | Found a huge runed gate,
 38006 | Vaults:1 | Found a huge runed gate,
 38006 | Vaults:1 | Found a huge runed gate,
 38010 | Vaults:1 | Found a huge runed gate,
 38224 | Vaults:1 | Found Cemy's Antique Armour Boutique,
 38233 | Vaults:1 | Bought an ichor-stained plate armour for 728 gold pieces
 38233 | Vaults:1 | Identified the +3 plate armour of Lidav {*Drain rElec rC+++
                  | Stlth+} (You bought it in a shop on level 1 of the Vaults)
 38266 | Vaults:1 | Found a huge runed gate,
 38267 | Vaults:1 | Found a huge runed gate,
 38268 | Vaults:1 | Found a huge runed gate,
 38269 | Vaults:1 | Found a huge runed gate,
 38270 | Vaults:1 | Found a huge runed gate,
 38278 | Vaults:1 | Found a huge runed gate,
 38498 | Vaults:1 | HP: 20/128 [ice dragon/blast of cold (21)]
 38499 | Vaults:1 | HP: 4/128 [orc knight/+0 halberd (16)]
 38502 | Vaults:1 | Killed from afar by an ice dragon

Levels and vault maps discovered:
D:1:      elethiomel_arrival_maze, layout_basic, minmay_distorted
D:2:      layout_loops_corners, eat_drink_and_be_merry_uskayaw,
          chequers_ecumenical_altar_simple_redux
D:3:      layout_basic, grunt_temple_overflow_open,
          chequers_serial_rivers_micro_d, grunt_ministairs_1, uniq_terence
D:4:      layout_basic, first_ration
D:5:      layout_cave_pools, minmay_temple_entry_poolview, serial_rivers,
          chequers_serial_rivers_room_a, chequers_serial_rivers_marsh,
          chequers_serial_rivers_large_a, chequers_serial_rivers_room_a,
          chequers_serial_rivers_micro_e, gammafunk_ghost_abyssal_escape,
          minmay_misc_feat_square, uniq_duvessa, uniq_grinder
D:6:      layout_gridville, nicolae_tso_swordbearing_angel, uniq_pikel,
          uniq_menkaure
D:7:      lemuel_upstairs_altar, layout_rooms, serial_shops, shop,
          shop_fountains, nicolae_shop_trees, nicolae_shop_stone, shop,
          uniq_maggie
D:8:      layout_cave_pools
D:9:      layout_loops_ring, david_lair_generic, orc_david_3, david_nohive_1
D:10:     layout_basic, serial_shops, shop
D:11:     layout_loops_corners, enter_trove_6, uniq_erolcha, uniq_fannar
D:12:     layout_stronghold, serial_shops, nicolae_shop_behind_doors,
          nicolae_wand_duel, grunt_ministairs_12, elyvilon_altar_5, uniq_maurice
D:13:     layout_grid_maze
D:14:     minmay_slanted_spiral_squares, layout_rooms,
          lightli_vaults_fourway_checkpoint, cheibriados_altar_1
D:15:     grunt_enter_depths_hoard, layout_rooms,
          lemuel_mausoleum_altar_yredelemnul
Lair:1:   layout_roguey, basic_altar, infiniplex_staircase_pool_2, uniq_sonja
Lair:2:   layout_regular_city, minmay_shoals_entry_hut, kennysheep_snail_temple,
          serial_bayou_shore_a, infiniplex_staircase_pool
Lair:3:   layout_small_grid
Lair:4:   layout_gridlike, dummy_spider_entry, minmay_lair_oklob_chamber
Lair:5:   layout_layer_cave, nicolae_slime_entry_slimehenge
Lair:6:   minmay_lair_end_frog_pond, layout_regular_city, serial_bayou_lake_a,
          uniq_kirke, uniq_nessos
Shoals:1: layout_shoals
Shoals:2: layout_shoals, st_sunken_temple
Shoals:3: layout_shoals
Shoals:4: shoals_end_grunt_garden, layout_shoals, hangedman_shoal_volcano
Spider:1: layout_spider_delve
Spider:2: layout_spider_delve, hangedman_spider_tarantella_strand
Spider:3: layout_spider_delve
Spider:4: grunt_spider_rune_circles, spiders_nest_hornet_nest, uniq_bai_suzhen
Orc:1:    layout_caves, sword_in_stone
Orc:2:    st_orc_town, layout_caves, serial_shops, shop, gammafunk_ghost_smash
Vaults:1: nicolae_vaults_asterisk, v_pattern_2, ontoclasm_vaults_eye,
          grunt_vaults_focal, grunt_vaults_swirl, vaults_mumra_minichess,
          ontoclasm_vaults_twist, vaults_room_semicircle,
          vaults_mumra_chevron_long, nicolae_vaults_border_crossing,
          hangedman_vaults_corner_blocks, vaults_not_door_vault_mu,
          ontoclasm_vaults_spin, ontoclasm_vaults_tryst, v_misc_17,
          serial_ice_b, layout_vaults_omnibox, serial_shops,
          nicolae_shop_overgrown_old_shop

Skill      XL: |  1  2  3  4  5  6  7  8  9 10 11 12 13 14 15 16 17 18 19 |
---------------+----------------------------------------------------------+-----
Armour         | 1 2 3 4 5 7 8 9 10 11 12 13 14 15 | 15.5
Fighting       | 2 3 4 5 6 7 8 9 10 11 12 13 14 15 16 17 | 17.2
Maces & Flails | 1 |  1.5
Axes           | 1 3 4 7 9 10 11 13 14 16 18 19 20 | 20.4
Shields        | 4 8 10 12 13 14 15 | 15.5
Evocations     | 3 5 7 8 |  8.8
Dodging        | 3 5 6 |  6.9
Short Blades   | |  0.8
Stealth        | |  1.1

Action                   |  1- 3 |  4- 6 |  7- 9 | 10-12 | 13-15 | 16-18 | 19-21 || total
-------------------------+-------+-------+-------+-------+-------+-------+-------++-------
Melee: Short sword       |   195 |    94 |       |       |       |       |       ||   289
       Flail             |       |    81 |   138 |       |       |       |       ||   219
       War axe           |       |       |   188 |   674 |  1473 |  1336 |       ||  3671
       Broad axe         |       |       |       |       |       |   346 |   369 ||   715
Invok: Lunge             |    10 |     8 |    11 |    38 |    79 |   106 |    23 ||   275
       Whirlwind         |     2 |       |     4 |     6 |    21 |    65 |       ||    98
       Serpent's Lash    |       |       |     1 |     1 |       |       |       ||     2
       Heavenly Storm    |       |       |       |     1 |     3 |     5 |     1 ||    10
 Abil: Wall Jump         |       |       |       |     1 |       |       |       ||     1
       Fly               |       |       |       |       |     1 |     1 |       ||     2
       Stop Flying       |       |       |       |       |       |     1 |       ||     1
Evoke: Wand              |       |     7 |     3 |    11 |    24 |    31 |       ||    76
       Box of beasts     |       |       |       |     1 |     1 |       |       ||     2
  Use: Scroll            |       |     5 |     5 |    16 |    13 |    20 |     2 ||    61
       Potion            |       |     3 |       |       |     4 |     4 |       ||    11
 Stab: Sleeping          |     1 |       |       |       |       |     1 |     1 ||     3
       Distracted        |       |       |       |     2 |     1 |       |       ||     3
  Eat: Chunk             |     6 |     8 |     6 |    22 |    29 |    20 |     3 ||    94
       Ration            |       |     1 |       |       |     2 |     6 |     1 ||    10
Armor: Leather armour    |    44 |       |       |       |       |       |       ||    44
       Ring mail         |    23 |    38 |       |       |       |       |       ||    61
       Scale mail        |       |    72 |       |       |       |       |       ||    72
       Chain mail        |       |     5 |   280 |   418 |   575 |   943 |   153 ||  2374
Dodge: Dodged            |   124 |   104 |   165 |   200 |   299 |   472 |   106 ||  1470
Block: Kite shield       |       |       |       |   274 |   755 |  1053 |   204 ||  2286
       Reflection        |       |       |       |       |       |     1 |    24 ||    25

Table legend:
 A = Non-vault XP
 B = Vault XP
 C = Vault XP percentage of total XP
 D = Non-vault monster count
 E = Vault monster count
 F = Vault count percentage of total count
                 A         B        C        D         E       F
            +---------+---------+-------+---------+---------+-------
      Total |  248201 |  126657 |  33.8 |     876 |     327 |  27.2
            +---------+---------+-------+---------+---------+-------
        D:1 |      20 |       3 |  13.0 |      10 |       1 |   9.1
        D:2 |      34 |      46 |  57.5 |      18 |       2 |  10.0
        D:3 |      99 |      45 |  31.2 |      25 |       4 |  13.8
        D:4 |     283 |       0 |   0.0 |      13 |       0 |   0.0
        D:5 |     918 |     447 |  32.7 |      24 |       3 |  11.1
        D:6 |     212 |     890 |  80.8 |       5 |       2 |  28.6
        D:7 |    1145 |     329 |  22.3 |      32 |       1 |   3.0
        D:8 |    1027 |       0 |   0.0 |      18 |       0 |   0.0
        D:9 |    1208 |    2006 |  62.4 |      25 |      25 |  50.0
       D:10 |    2337 |       0 |   0.0 |      16 |       0 |   0.0
       D:11 |   10182 |    2004 |  16.4 |      52 |       2 |   3.7
       D:12 |    9886 |    2409 |  19.6 |      34 |       5 |  12.8
       D:13 |    9785 |       0 |   0.0 |      40 |       0 |   0.0
       D:14 |    9209 |   14103 |  60.5 |      38 |      25 |  39.7
       D:15 |    9285 |    3011 |  24.5 |      18 |      14 |  43.8
     Lair:1 |    2811 |     769 |  21.5 |      14 |       1 |   6.7
     Lair:2 |    1723 |    1414 |  45.1 |      10 |       4 |  28.6
     Lair:3 |    2657 |       0 |   0.0 |      12 |       0 |   0.0
     Lair:4 |    8799 |       0 |   0.0 |      29 |       0 |   0.0
     Lair:5 |   12731 |     332 |   2.5 |      27 |       8 |  22.9
     Lair:6 |   11090 |   18045 |  61.9 |      31 |      57 |  64.8
   Shoals:1 |   11718 |       0 |   0.0 |      19 |       0 |   0.0
   Shoals:2 |    9952 |    8136 |  45.0 |      19 |       9 |  32.1
   Shoals:3 |   26800 |       0 |   0.0 |      51 |       0 |   0.0
   Shoals:4 |   20102 |   29624 |  59.6 |      48 |      48 |  50.0
   Spider:1 |   16185 |       0 |   0.0 |      47 |       0 |   0.0
   Spider:2 |   15374 |     223 |   1.4 |      39 |       1 |   2.5
   Spider:3 |   14114 |    6859 |  32.7 |      32 |       2 |   5.9
   Spider:4 |    3400 |   19956 |  85.4 |      12 |      33 |  73.3
      Orc:1 |    5354 |     447 |   7.7 |      43 |       4 |   8.5
      Orc:2 |    1999 |    6872 |  77.5 |      26 |      58 |  69.0
   Vaults:1 |   27762 |    8687 |  23.8 |      49 |      18 |  26.9
            +---------+---------+-------+---------+---------+-------

Levels and vault maps discovered:
D:1:      elethiomel_arrival_maze, layout_basic, minmay_distorted
D:2:      layout_loops_corners, eat_drink_and_be_merry_uskayaw,
          chequers_ecumenical_altar_simple_redux
D:3:      layout_basic, grunt_temple_overflow_open,
          chequers_serial_rivers_micro_d, grunt_ministairs_1, uniq_terence
D:4:      layout_basic, first_ration
D:5:      layout_cave_pools, minmay_temple_entry_poolview, serial_rivers,
          chequers_serial_rivers_room_a, chequers_serial_rivers_marsh,
          chequers_serial_rivers_large_a, chequers_serial_rivers_room_a,
          chequers_serial_rivers_micro_e, gammafunk_ghost_abyssal_escape,
          minmay_misc_feat_square, uniq_duvessa, uniq_grinder
D:6:      layout_gridville, nicolae_tso_swordbearing_angel, uniq_pikel,
          uniq_menkaure
D:7:      lemuel_upstairs_altar, layout_rooms, serial_shops, shop,
          shop_fountains, nicolae_shop_trees, nicolae_shop_stone, shop,
          uniq_maggie
D:8:      layout_cave_pools
D:9:      layout_loops_ring, david_lair_generic, orc_david_3, david_nohive_1
D:10:     layout_basic, serial_shops, shop
D:11:     layout_loops_corners, enter_trove_6, uniq_erolcha, uniq_fannar
D:12:     layout_stronghold, serial_shops, nicolae_shop_behind_doors,
          nicolae_wand_duel, grunt_ministairs_12, elyvilon_altar_5, uniq_maurice
D:13:     layout_grid_maze
D:14:     minmay_slanted_spiral_squares, layout_rooms,
          lightli_vaults_fourway_checkpoint, cheibriados_altar_1
D:15:     grunt_enter_depths_hoard, layout_rooms,
          lemuel_mausoleum_altar_yredelemnul
Lair:1:   layout_roguey, basic_altar, infiniplex_staircase_pool_2, uniq_sonja
Lair:2:   layout_regular_city, minmay_shoals_entry_hut, kennysheep_snail_temple,
          serial_bayou_shore_a, infiniplex_staircase_pool
Lair:3:   layout_small_grid
Lair:4:   layout_gridlike, dummy_spider_entry, minmay_lair_oklob_chamber
Lair:5:   layout_layer_cave, nicolae_slime_entry_slimehenge
Lair:6:   minmay_lair_end_frog_pond, layout_regular_city, serial_bayou_lake_a,
          uniq_kirke, uniq_nessos
Shoals:1: layout_shoals
Shoals:2: layout_shoals, st_sunken_temple
Shoals:3: layout_shoals
Shoals:4: shoals_end_grunt_garden, layout_shoals, hangedman_shoal_volcano
Spider:1: layout_spider_delve
Spider:2: layout_spider_delve, hangedman_spider_tarantella_strand
Spider:3: layout_spider_delve
Spider:4: grunt_spider_rune_circles, spiders_nest_hornet_nest, uniq_bai_suzhen
Orc:1:    layout_caves, sword_in_stone
Orc:2:    st_orc_town, layout_caves, serial_shops, shop, gammafunk_ghost_smash
Vaults:1: nicolae_vaults_asterisk, v_pattern_2, ontoclasm_vaults_eye,
          grunt_vaults_focal, grunt_vaults_swirl, vaults_mumra_minichess,
          ontoclasm_vaults_twist, vaults_room_semicircle,
          vaults_mumra_chevron_long, nicolae_vaults_border_crossing,
          hangedman_vaults_corner_blocks, vaults_not_door_vault_mu,
          ontoclasm_vaults_spin, ontoclasm_vaults_tryst, v_misc_17,
          serial_ice_b, layout_vaults_omnibox, serial_shops,
          nicolae_shop_overgrown_old_shop

Table legend:
 A = Turns spent in this place as a percentage of turns spent in the entire game.
 B = Non-inter-level travel turns spent in this place as a percentage of non-inter-level travel turns spent in the entire game.
 C = Inter-level travel turns spent in this place as a percentage of turns spent in this place.
 D = Turns resting spent in this place as a percentage of non-inter-level travel turns spent in this place.
 E = Turns spent auto-exploring this place as a percentage of non-inter-level travel turns spent in this place.
 F = Non-inter-level travel turns spent in this place divided by the number of levels of this place that you've seen.
                   A       B       C       D       E      F
               +-------+-------+-------+-------+-------+----------------------
         Total | 100.0 | 100.0 |   7.2 |  25.0 |  52.1 | 1116.6
       Dungeon |  46.8 |  45.7 |   9.4 |  25.2 |  54.0 | 1089.4
          Lair |  17.5 |  17.4 |   7.9 |  13.7 |  64.4 | 1034.5
        Shoals |  15.3 |  15.5 |   5.8 |  34.8 |  39.6 | 1386.0
   Spider Nest |  11.2 |  11.8 |   2.2 |  24.4 |  49.4 | 1052.5
  Orcish Mines |   6.6 |   6.8 |   4.4 |  35.9 |  40.5 | 1211.0
        Vaults |   2.6 |   2.8 |   0.0 |  12.8 |  53.9 | 1006.0
               +-------+-------+-------+-------+-------+----------------------

Table legend:
 A = Kills in this place as a percentage of kills in entire the game.
 B = Kills by you in this place as a percentage of kills by you in the entire game.
 C = Kills by friends in this place as a percentage of kills by friends in the entire game.
 D = Other kills in this place as a percentage of other kills in the entire game.
 E = Experience gained in this place as a percentage of experience gained in the entire game.
 F = Experience gained in this place divided by the number of levels of this place that you have seen.
                   A       B       C       D       E      F
               +-------+-------+-------+-------+-------+----------------------
         Total | 100.0 | 100.0 | 100.0 | 100.0 | 100.0 | 11714.3
       Dungeon |  37.6 |  37.6 |  55.6 |   0.0 |  21.6 | 5394.9
          Lair |  16.0 |  16.2 |   0.0 |   0.0 |  16.1 | 10061.8
        Shoals |  16.1 |  15.6 |  44.4 | 100.0 |  28.4 | 26583.0
   Spider Nest |  13.8 |  14.0 |   0.0 |   0.0 |  20.3 | 19027.8
  Orcish Mines |  10.9 |  11.0 |   0.0 |   0.0 |   3.9 | 7336.0
        Vaults |   5.6 |   5.6 |   0.0 |   0.0 |   9.7 | 36449.0
               +-------+-------+-------+-------+-------+----------------------
